 Dungeon Crawl Stone Soup version 0.29.1-15-g9cfb28693d (webtiles) character file.

Game seed: 9243790101327736968

2979 Gabide the Fighter (level 9, -5/106 HPs)
             Began as an Ogre Monk on Feb 24, 2023.
             Was a Believer of Elyvilon.
             Slain by a centaur
             ... wielding a +0 halberd
              (15 damage)
             ... in a bailey.
             The game lasted 00:26:39 (12886 turns).

Gabide the Fighter (Ogre Monk)                     Turns: 12886, Time: 00:26:39

Health: -5/106     AC:  3    Str: 21    XL:     9   Next: 82%
Magic:  9/9        EV: 11    Int: 11    God:    Elyvilon [**....]
Gold:   257        SH:  0    Dex: 11    Spells: 8/8 levels left

rFire   + . .      SeeInvis +   a - +0 battleaxe (vorpal)
rCold   . . .      Faith    .   (shield currently unavailable)
rNeg    . . .      Spirit   .   n - +0 robe
rPois   .          Reflect  .   (helmet restricted)
rElec   .          Harm     .   (no cloak)
rCorr   .          Rampage  .   (gloves unavailable)
Will    .....                   (boots unavailable)
Stlth   ++........              p - amulet of the acrobat
HPRegen 0.27/turn               v - ring of protection from fire
MPRegen 0.11/turn               o - ring of see invisible

@: mighty, hasted, invisible, very quick
A: large, unfitting armour, tough skin 1
a: Renounce Religion, Purification, Heal Other


You were in a bailey.
You worshipped Elyvilon.
Elyvilon was pleased with you.
You visited 2 branches of the dungeon, and saw 8 of its levels.
You also visited: Ossuary and Bailey.

You collected 432 gold pieces.
You spent 175 gold pieces at shops.

Inventory:

Hand Weapons
 a - a +0 vorpal battleaxe (weapon)
 d - a +0 glaive
Missiles
 g - 8 javelins
 s - 2 silver javelins (quivered)
Armour
 n - a +0 robe (worn)
Jewellery
 o - a ring of see invisible (right hand)
 p - an amulet of the acrobat (around neck)
 v - a ring of protection from fire (left hand)
Wands
 b - a wand of charming (1)
Scrolls
 c - 4 scrolls of teleportation
 f - a scroll of blinking
 j - a scroll of magic mapping
 k - a scroll of identify
 r - 3 scrolls of poison
Potions
 e - a potion of might
 i - 5 potions of mutation
 l - a potion of curing
 m - 2 potions of magic
 q - 2 potions of resistance


   Skills:
 * Level 11.6 Fighting
 * Level 3.9(6.4) Axes
 - Level 8.0(8.4) Polearms
 - Level 6.0 Dodging
 - Level 1.4 Stealth


You had 8 spell levels left.
You didn't know any spells.
Your spell library contained the following spells:

 Spells                   Type           Power      Damage    Failure   Level
 Blink                    Tloc           0%         N/A       47%         2
 Gell's Gravitas          Tloc           0%         N/A       71%         3
 Lesser Beckoning         Tloc           0%         N/A       71%         3
 Teleport Other           Tloc           0%         N/A       71%         3
 Cause Fear               Hex            0%         N/A       98%         4
 Manifold Assault         Tloc           0%         N/A       100%        5
 Dragon Form              Tmut           0%         N/A       100%        7
 Dragon's Call            Summ           0%         N/A       100%        9


Dungeon Overview and Level Annotations

Branches:
Dungeon (7/15)             Temple (1/1) D:5         Ossuary (visited)
 Bailey (1/1)

Altars:
Ashenzari
Cheibriados
Elyvilon
Fedhas
Gozag
Hepliaklqana
Kikubaaqudgha
Makhleb
Nemelex Xobeh
Okawaru
Ru
Sif Muna
Trog
Uskayaw
Vehumet
Wu Jian
Xom
Yredelemnul
Zin

Shops:
D:6 (


Innate Abilities, Weirdness & Mutations

You are too large for most types of armour.
You have tough skin. (AC +1)


Message History

The orc warrior hits you but does no damage.
The orc hits you from afar with a +0 spear.
The orc closely misses you. The centaur barely misses you.
The centaur kicks you but does no damage.
The orc hits you from afar with a +0 trident!
The orc warrior closely misses you. The orc barely misses you.
An orc warrior comes into view. It is wielding a +0 glaive.
You fade into invisibility!
The centaur barely misses you. The centaur kicks you.
The orc hits you from afar with a +0 trident!
* * * LOW HITPOINT WARNING * * *
The orc warrior hits you with a +0 spear.
* * * LOW HITPOINT WARNING * * *
The orc closely misses you. The centaur misses you.
The centaur kicks you but does no damage.
You feel better. The centaur hits you with a +0 halberd!
* * * LOW HITPOINT WARNING * * *
The centaur kicks you.
* * * LOW HITPOINT WARNING * * *
The orc misses you.
The orc warrior hits you with a +0 spear.
* * * LOW HITPOINT WARNING * * *
The orc barely misses you.
You feel very mighty all of a sudden.
The centaur barely misses you. x2; The orc warrior completely misses you.
An orc comes into view. It is wielding a +0 spear.
You slice the orc warrior!!
You kill the orc warrior!
You slash the centaur!
The orc shouts!
You hear a shout!
The centaur hits you with a +0 halberd!
* * * LOW HITPOINT WARNING * * *
The centaur kicks you but does no damage.
The centaur hits you with a +0 halberd! Elyvilon protects you from harm!
The centaur barely misses you.
You feel yourself speed up. The centaur closely misses you.
The centaur completely misses you. The orc closely misses you.
The orc barely misses you. The centaur hits you with a +0 halberd!
You die...

#############
##≈≈≈≈≈≈≈≈≈≈≈≈
##....c)o...o..
#$....@oo.....o
####'##########
#≈.....)......#####
#≈...≈≈≈≈≈≈≈≈≈....##
##≈..≈≈.......≈≈≈.⌠.#
##≈≈..))≈≈≈≈≈≈≈).≈≈..#
##≈≈..)≈≈≈.....≈≈≈.≈≈.#
#≈≈⌠..≈≈..≈≈≈≈≈..≈≈.≈)##
#≈≈..≈≈.≈≈≈...≈≈≈.≈.≈≈.#


You could see a centaur (unable to see you) and 4 orcs.

Vanquished Creatures
  Grinder (D:5)
  A wraith (Ossuary)
  A water moccasin (D:3)
  3 orc warriors
  An ice beast (D:5)
  2 black bears (D:5)
  3 ogres
  2 centaurs (Bailey)
  A phantom (D:6)
  3 kobold brigands
  A wyvern zombie (D:6)
  A bullfrog (D:7)
  5 wights (D:6)
  A jelly (D:6)
  4 centaur zombies (D:6)
  2 bullfrog zombies (D:6)
  A hound (D:5)
  2 orc priests
  A gnoll bouda (D:5)
  2 human zombies
  3 iguanas
  2 orc wizards
  6 mummies
  9 gnolls
  4 adders
  3 shadow imps
  A white imp (D:3)
  5 ufetubi
  A worm (D:2)
  3 dart slugs
  11 orcs
  7 endoplasms
  A giant cockroach (D:3)
  6 goblins
  5 hobgoblins
  2 quokkas
  5 ball pythons
  6 bats
  3 frilled lizards
  3 goblin zombies (Ossuary)
  4 hobgoblin zombies (Ossuary)
  22 kobolds
  A kobold zombie (Ossuary)
  3 rats
154 creatures vanquished.

Vanquished Creatures (collateral kills)
  6 orcs (Bailey)
6 creatures vanquished.

Vanquished Creatures (others)
  A plant (D:2)
1 creature vanquished.

Grand Total: 161 creatures vanquished

Notes
Turn   | Place    | Note
-------+----------+-------------------------------------------
     0 | D:1      | Gabide the Ogre Monk began the quest for the Orb.
     0 | D:1      | Reached XP level 1. HP: 24/24 MP: 1/1
   355 | D:1      | Reached XP level 2. HP: 32/32 MP: 2/2
  1555 | D:2      | Reached XP level 3. HP: 34/40 MP: 3/3
  2158 | D:2      | Found a faded altar of an unknown god.
  2356 | D:2      | Reached skill level 5 in Fighting
  2757 | D:3      | Reached XP level 4. HP: 50/50 MP: 4/4
  2984 | D:3      | Noticed a water moccasin
  3007 | D:3      | Killed a water moccasin
  3008 | D:3      | Reached XP level 5. HP: 15/59 MP: 5/5
  3357 | D:3      | Reached skill level 6 in Fighting
  4263 | D:4      | Reached XP level 6. HP: 52/67 MP: 6/6
  5718 | D:5      | Entered Level 5 of the Dungeon
  5718 | D:5      | Found a staircase to the Ecumenical Temple.
  5732 | Temple   | Entered the Ecumenical Temple
  5843 | D:5      | Reached skill level 5 in Polearms
  5928 | D:5      | Found a sand-covered staircase.
  5932 | Ossuary  | Entered an ossuary
  5932 | Ossuary  | Noticed a wraith
  5932 | Ossuary  | Noticed a wraith
  5932 | Ossuary  | Noticed a wraith
  6989 | Ossuary  | Noticed a wraith
  6998 | Ossuary  | Killed a wraith
  6999 | Ossuary  | Reached skill level 7 in Fighting
  6999 | Ossuary  | Reached XP level 7. HP: 78/78 MP: 7/7
  7494 | D:5      | Noticed Grinder
  7518 | D:5      | Killed Grinder
  7519 | D:5      | Reached skill level 8 in Fighting
  7701 | D:5      | Reached XP level 8. HP: 38/89 MP: 8/8
  8136 | D:5      | Reached skill level 9 in Fighting
  9372 | D:6      | Reached skill level 5 in Dodging
  9418 | D:6      | Found an iron altar of Okawaru.
 10575 | D:6      | Reached skill level 10 in Fighting
 10575 | D:6      | Reached XP level 9. HP: 94/101 MP: 9/9
 10662 | D:6      | HP: 4/87 [wight/+3 falchion (5)]
 11096 | D:6      | Found Gimiblex's Weapon Emporium.
 11104 | D:6      | Bought a +0 vorpal battleaxe for 175 gold pieces
 11287 | D:6      | Reached skill level 1 in Axes
 11333 | D:6      | Found an ancient bone altar of Kikubaaqudgha.
 11948 | D:7      | Reached skill level 11 in Fighting
 12333 | D:7      | Found a white marble altar of Elyvilon.
 12338 | D:7      | Became a worshipper of Elyvilon the Healer
 12338 | D:7      | Reached * piety under Elyvilon
 12338 | D:7      | Reached ** piety under Elyvilon
 12387 | D:7      | Found a flagged portal.
 12400 | Bailey   | Entered a bailey
 12885 | Bailey   | Elyvilon protects you from harm!
 12886 | Bailey   | Slain by a centaur

Illustrated notes

Levels and vault maps discovered:
D:1:      elethiomel_arrival_maze, layout_basic, minmay_misc_feat_pillars
D:2:      layout_basic, shapermc_ecumenical_altar_hornbeckon,
          minmay_misc_feat_room
D:3:      layout_basic
D:4:      layout_layer_cave
D:5:      layout_loops_ring, minmay_temple_entry_junction,
          lightli_ossuary_entry_decrepit_ruins, uniq_grinder
D:6:      layout_loops_cross, lemuel_mausoleum_altar_kikubaaqudgha,
          okawaru_gym_becter, serial_shops, shop, kennysheep_minor_cross,
          kennysheep_generic_room_10
D:7:      layout_cave_pools, nicolae_elyvilon_peaceful_grove, enter_bailey_7
Temple:   lightli_temple_of_artemis
Bailey:   bailey_polearm_flooded_kennysheep, bailey

Skill      XL: |  1  2  3  4  5  6  7  8  9 |
---------------+----------------------------+-----
Dodging        | 3 4 5 6 |  6.0
Fighting       | 5 6 7 8 10 11 | 11.6
Polearms       | 4 5 6 7 8 |  8.0
Axes           | 3 |  3.9
Stealth        | |  1.4

Action                   |  1- 3 |  4- 6 |  7- 9 || total
-------------------------+-------+-------+-------++-------
Melee: Spear             |   139 |   182 |   235 ||   556
       Punch             |     1 |     2 |     4 ||     7
       Unarmed           |       |     8 |    10 ||    18
       Battleaxe         |       |       |   110 ||   110
 Fire: Sling             |       |    39 |    24 ||    63
Throw: Javelin           |     6 |    10 |    26 ||    42
       Throwing net      |       |     1 |     4 ||     5
Evoke: Wand              |       |       |     3 ||     3
  Use: Scroll            |     7 |     5 |    10 ||    22
       Potion            |     1 |     5 |    16 ||    22
 Stab: Sleeping          |     5 |     1 |     3 ||     9
Armor: Robe              |    17 |    41 |    62 ||   120
       Skin              |       |    19 |    22 ||    41
Dodge: Dodged            |    46 |    62 |   246 ||   354
